 Dungeon Crawl Stone Soup version 0.19-a0-975-gfff5315 (webtiles) character file.

7 4thArraOfDagon the Ducker (level 1, 0/11 HPs)
             Began as a Spriggan Abyssal Knight on July 13, 2016.
             Was an Initiate of Lugonu.
             Killed by nerve-wracking pain
             ... invoked by Menkaure
              (2 damage)
             ... on level 4 of the Dungeon.
             The game lasted 00:02:47 (476 turns).

4thArraOfDagon the Ducker (Spriggan Abyssal Knight)  Turns: 476, Time: 00:02:48

Health: 0/11       AC:  2    Str:  8      XL:     1   Next: 91%
Magic:  3/3        EV: 18    Int: 12 (13) God:    Lugonu [......]
Gold:   41         SH:  0    Dex: 14 (15) Spells: 0 memorised, 0 levels left

rFire  . . .     SeeInvis +     a - +1 short sword
rCold  + . .     Gourm    .     b - +0 robe
rNeg   . . .     Faith    .     (shield restricted)
rPois  .         Spirit   .     (helmet restricted)
rElec  .         Dismiss  .     j - +0 cloak
rCorr  .         Reflect  .     (gloves unavailable)
SustAt .         Harm     .     (boots unavailable)
MR     .....     Rnd*Rage +     (no amulet)
Stlth  ++........               (no ring)
                                k - ring of protection from cold

@: very quick, not resistant to hostile enchantments, unstealthy
A: unfitting armour, see invisible, berserk 2, deformed body, deterioration 2,
herbivore 3, speed 3, slow metabolism 2
a: Renounce Religion


You were on level 4 of the Dungeon.
You worshipped Lugonu.
Lugonu was noncommittal.
You were not hungry.

You visited 1 branch of the dungeon, and saw 4 of its levels.
You visited the Abyss 1 time.

You collected 41 gold pieces.

Inventory:

Hand Weapons
 a - a +1 short sword (weapon)
Armour
 b - a +0 robe (worn)
 j - a +0 cloak (worn)
Jewellery
 k - a ring of protection from cold (left hand)
Scrolls
 d - a scroll of remove curse {unknown}
 e - a scroll of random uselessness {unknown}
 g - a scroll of noise {unknown}
Potions
 f - a potion of heal wounds
 h - a potion of lignification {unknown}
Comestibles
 c - a bread ration


   Skills:
 - Level 2.4 Fighting
 * Level 2.4 Short Blades
 + Level 3.8 Dodging
 * Level 0.9 Stealth
 + Level 2.0 Invocations


You couldn't memorise any spells.
You didn't know any spells.

Dungeon Overview and Level Annotations

Branches:
Dungeon (4/15)
 Temple: D:4-7

Altars:

Annotations:
D:4 Eustachio, Menkaure


Innate Abilities, Weirdness & Mutations

You are tiny and cannot use many weapons and most armour.
You have supernaturally acute eyesight. (SInv)
You are a herbivore.
You cover ground extremely quickly.
You need consume almost no food.
[You often lose your temper in combat.]
[Armour fits poorly on your strangely shaped body.]
[Your body often deteriorates upon taking damage.]


Message History

Unknown command.
The quokka completely misses you.
Unknown command.
Unknown command.
There is an escape hatch in the ceiling here.
Unknown command.
A mysterious force pulls you upwards. The hatch slams shut behind you.
Unknown command.
You see here a kobold corpse.
(D) Dungeon
Where to? (? - help)
There is a stone staircase leading down here.
You climb downwards.
Level annotation: Eustachio, Menkaure The orc hits you with a short sword.
* * * LOW HITPOINT WARNING * * *
The orc completely misses you.
Menkaure gestures at you while chanting.
Pain shoots through your body!
You die...

####.......#
###....##.##.#
#...#####....#
#o### ####.###
#.# #...# #o#
#...####
######(###
##...##.
#...?.oo.#
#...##.
#......@.#
##.....
#.......M#
####..
#........#
####..
#........#
#.....#
#........#
#..##...
#......... .
#.##
#........## #.
#........# ..
#.###


You could see Menkaure and 4 orcs.

Vanquished Creatures
  An orc (D:3)
  A goblin (D:1)
  A kobold (D:3)
  2 giant newts
  2 rats
7 creatures vanquished.

Notes
Turn   | Place    | Note
-------+----------+-------------------------------------------
     0 | Abyss:1  | 4thArraOfDagon the Spriggan Abyssal Knight began the quest for the Orb.
     0 | Abyss:1  | Reached XP level 1. HP: 11/11 MP: 3/3
    34 | Abyss:1  | Found a corrupted altar of Lugonu.
    35 | Abyss:1  | Noticed a ynoxinul
    50 | Abyss:1  | Noticed an apocalypse crab
    53 | Abyss:1  | Noticed a wretched star
    53 | Abyss:1  | Noticed a large abomination
    68 | Abyss:1  | Noticed a tormentor
   105 | Abyss:1  | Noticed a ynoxinul
   105 | Abyss:1  | Noticed a white very ugly thing
   108 | Abyss:1  | Noticed a worldbinder
   158 | Abyss:2  | Noticed a thrashing horror
   159 | D:1      | Escaped the Abyss
   328 | D:3      | Found a faded altar of an unknown god.
   371 | D:4      | Noticed Menkaure
   379 | D:4      | Noticed Eustachio
   391 | D:4      | Noticed an ogre
   396 | D:4      | Noticed an orc wizard
   436 | D:4      | Noticed a gnoll shaman
   476 | D:4      | Killed from afar by Menkaure

Vault maps used:
D:1:      minmay_arrival_shattered_statue
D:2:      lemuel_doored_altar, gammafunk_temple_overflow_forgotten, first_bread,
          minmay_split_cup_small
D:3:      lemuel_round_altar, ecumenical_altar_2
D:4:      eat_drink_and_be_merry_uskayaw, vehumet_altar_wand_db, uniq_eustachio,
          uniq_menkaure, uniq_grinder
Abyss:1:  evilmike_abyss_exit_13
Abyss:2:  hangedman_abyss_stitches_cave

Skill      XL: |  1 |
---------------+----+-----
Invocations    | 2 |  2.0
Fighting       | |  2.4
Short Blades   | |  2.4
Dodging        | |  3.8
Stealth        | |  0.9

Action                   || total
-------------------------++-------
Melee: Short sword       ||    13
Invok: Depart the Abyss  ||     1
  Use: Scroll            ||     1
 Stab: Sleeping          ||     1
Armor: Robe              ||     1
Dodge: Dodged            ||    10
